 Dungeon Crawl Stone Soup version 0.29.1-12-g30fa7ad0bf (webtiles) character file.

Game seed: 10985473171003332559

68 wormed the Trooper (level 4, 0/29 HPs)
             Began as a Gargoyle Fighter on Dec 21, 2022.
             Slain by Ijyb
             ... wielding a +0 club
              (5 damage)
             ... on level 2 of the Dungeon.
             The game lasted 00:02:50 (2312 turns).

wormed the Trooper (Gargoyle Fighter)               Turns: 2312, Time: 00:02:51

Health: 0/29       AC: 11    Str: 21    XL:     4   Next: 19%
Magic:  4/4        EV:  9    Int:  9    God:
Gold:   108        SH:  4    Dex:  9    Spells: 3/3 levels left

rFire   . . .      SeeInvis .   a - +0 flail
rCold   . . .      Faith    .   c - +0 buckler
rNeg    + . .      Spirit   .   b - +0 scale mail
rPois   ∞          Reflect  .   (no helmet)
rElec   +          Harm     .   e - +0 cloak
rCorr   .          Rampage  .   (no gloves)
Will    .....                   (no boots)
Stlth   ..........              (no amulet)
HPRegen 0.09/turn               (no ring)
MPRegen 0.09/turn               (no ring)

@: no status effects
A: sickness immunity, AC +3, negative energy resistance 1, electricity
resistance, torment resistance 1, petrification resistance
a: no special abilities


You were on level 2 of the Dungeon.
You visited 1 branch of the dungeon, and saw 3 of its levels.

You collected 108 gold pieces.

Inventory:

Hand Weapons
 a - a +0 flail (weapon)
Missiles
 g - 4 javelins (quivered)
Armour
 b - a +0 scale mail (worn)
 c - a +0 buckler (worn)
 e - a +0 cloak (worn)
Wands
 k - a wand of mindburst (13)
Scrolls
 i - a scroll of poison {unknown}
 m - a scroll of identify
Potions
 d - 2 potions of might
 h - a potion of ambrosia {unknown}
 j - 2 potions of curing {unknown}
 l - a potion of magic {unknown}


   Skills:
 + Level 3.8 Fighting
 * Level 3.1 Maces & Flails
 + Level 3.7 Armour
 + Level 3.8 Shields


You had 3 spell levels left.
You didn't know any spells.
Your spell library contained the following spells:

 Spells                   Type           Power      Damage    Failure   Level
 Slow                     Hex            0%         N/A       80%         1
 Confusing Touch          Hex            0%         N/A       99%         3
 Vampiric Draining        Necr           0%         2d6       99%         3


Dungeon Overview and Level Annotations

Branches:
Dungeon (3/15)

Altars:
Qazlal

Annotations:
D:2 Ijyb


Innate Abilities, Weirdness & Mutations

You are immune to sickness and miasma.
Your stone body is resilient. (AC +3)
You are immune to poison.
You resist negative energy. (rN+)
You are resistant to electric shocks. (rElec)
You are resistant to unholy torment.
You are immune to petrification.


Message History

Ijyb is severely wounded.
Ijyb hits you with a +0 club.
You hit Ijyb.
Ijyb is almost dead.
Ijyb hits you but does no damage.
You hit Ijyb but do no damage.
Ijyb is almost dead.
Ijyb hits you with a +0 club. x2
You hit Ijyb but do no damage.
Ijyb is almost dead.
You block Ijyb's attack.
You hit Ijyb.
Ijyb is almost dead.
You block Ijyb's attack.
You closely miss Ijyb.
Ijyb is almost dead.
Ijyb hits you but does no damage.
You barely miss Ijyb.
Ijyb is almost dead.
Ijyb barely misses you. Ijyb hits you with a +0 club.
You hit Ijyb but do no damage.
Ijyb is almost dead.
Ijyb hits you with a +0 club.
You closely miss Ijyb.
Ijyb is almost dead.
Ijyb hits you with a +0 club.
* * * LOW HITPOINT WARNING * * *
You hit Ijyb but do no damage.
Ijyb is almost dead.
Ijyb hits you but does no damage.
You closely miss Ijyb.
Ijyb is almost dead.
Ijyb hits you but does no damage.
You closely miss Ijyb.
Ijyb is almost dead.
Ijyb closely misses you. Ijyb barely misses you.
You hit Ijyb but do no damage.
Ijyb is almost dead.
Ijyb hits you with a +0 club.
You die...

.# #.# #.# #.# #.
.###.# #.# #.#### #.
.....# ####.###
###....#####. ##.###
#......# #....#.......
#.# #.##.#.#
#.......##### ##.#
#.##.#.######.....#.#
...#
#.##.#<#..........#.#
####
#.##...g....#.#.###.#
#.####.#@.......###.#
#.# #.######.......#
#.####.# ###.#####
#......# #.# ########
#.# ####### ##...## #.#
#.....#
#.###.#######.###.###<#
#.# #.............# #.#
#.###.#######)###.###.#


You could see Ijyb.

Vanquished Creatures
  3 adders (D:2)
  3 endoplasms
  A giant cockroach (D:2)
  5 goblins
  4 hobgoblins
  4 jackals (D:1)
  8 kobolds
  3 ball pythons
  7 bats
  3 frilled lizards
41 creatures vanquished.

Notes
Turn   | Place    | Note
-------+----------+-------------------------------------------
     0 | D:1      | wormed the Gargoyle Fighter began the quest for the Orb.
     0 | D:1      | Reached XP level 1. HP: 14/14 MP: 1/1
   301 | D:1      | Reached XP level 2. HP: 16/19 MP: 2/2
   887 | D:1      | Found a faded altar of an unknown god.
  1139 | D:1      | You fall into a shaft and drop 1 floor!
  1154 | D:2      | Reached XP level 3. HP: 19/23 MP: 3/3
  1829 | D:2      | Reached XP level 4. HP: 28/29 MP: 4/4
  1857 | D:2      | Found a stormy altar of Qazlal.
  2278 | D:3      | Noticed Ijyb
  2293 | D:2      | HP: 1/29 [Ijyb/+0 club (2)]
  2312 | D:2      | Slain by Ijyb

Illustrated notes

Levels and vault maps discovered:
D:1:      mainiacjoe_arrival_reflecting_pool, layout_loops_ring,
          chequers_ecumenical_altar_grove, dk_noncrumbling_3,
          grunt_decor_mini_mirrors
D:2:      layout_loops_corners, basic_altar
D:3:      layout_basic, lemuel_crystal_altar, dreamdust_princess_corridor,
          uniq_ijyb

Skill      XL: |  1  2  3 |
---------------+----------+-----
Maces & Flails | 3 |  3.1
Fighting       | |  3.8
Armour         | |  3.7
Shields        | |  3.8

Action                   |  1- 3 |  4- 6 || total
-------------------------+-------+-------++-------
Melee: Flail             |   121 |    39 ||   160
  Use: Scroll            |     1 |       ||     1
       Potion            |       |     1 ||     1
Armor: Scale mail        |    83 |    21 ||   104
Dodge: Dodged            |    65 |    21 ||    86
Block: Buckler           |    30 |    10 ||    40
